TOP OF THE 1ST |
Boston Red Sox batting - Pitching for Kansas City Royals : RHP Skyler Webster
|
Pitching: RHP Skyler Webster
|
|
Batting: RHB Alois Wollf
|
0-0: SINGLE (Line Drive, 89S, EV 109.4 MPH)
|
Batting: RHB Cesar Breceda
|
0-0: Called Strike Alois Wollf steals 2nd base 0-1: Ball 1-1: Foul Ball, location: 2F 1-2: Foul Ball, location: 2F 1-2: Ball 2-2: 2-RUN HOME RUN (Flyball, 7D, EV 108.1 MPH), Distance : 412 ft
|
Batting: RHB David Price Jr.
|
0-0: Called Strike 0-1: Swinging Strike 0-2: Ball 1-2: Foul Ball, location: 2F 1-2: SINGLE (Line Drive, 4M, EV 98.1 MPH)
|
Batting: LHB Kevin McCormic Jr.
|
0-0: Called Strike 0-1: Ball 1-1: SINGLE (Groundball, 56D, EV 99.4 MPH) David Price Jr. to second
|
Batting: LHB Jarrett Mordecai
|
0-0: Foul Ball, location: 2F 0-1: Foul Ball, location: 2F 0-2: Foul Ball, location: 2F 0-2: Foul Ball, location: 2F 0-2: Ball 1-2: SINGLE (Groundball, 4MD, EV 104.4 MPH) David Price Jr. to third Kevin McCormic Jr. to second Runner from 3rd tries for Home, SAFE, throw by CF to home
|
Batting: SHB Marvin Lawrence
|
0-0: Ball 1-0: Foul Ball, location: 2F 1-1: Ball 2-1: 3-RUN HOME RUN (Flyball, 89XD, EV 115.6 MPH), Distance : 469 ft
|
Batting: RHB Nick Esteves
|
0-0: Foul Ball, location: 2F 0-1: Ball 1-1: Foul Ball, location: 2F 1-2: Ball 2-2: Ball 3-2: Ground out 5-3 (Groundball, 56S, EV 88.1 MPH)
|
Batting: LHB Brian Gray
|
0-0: Ball 1-0: Called Strike 1-1: Called Strike 1-2: Foul Ball, location: 2F 1-2: Ball 2-2: Foul Ball, location: 2F 2-2: SINGLE (Line Drive, 6M, EV 93.8 MPH)
|
Pitching: LHP Yorinobu Noguchi
|
|
Batting: LHB Tim Fuller
|
0-0: Foul Ball, location: 2F 0-1: Ball 1-1: Foul Ball, location: 2F 1-2: Strikes out looking Brian Gray is caught stealing 2nd base 2-6 Batter strikes out.
|
Top of the 1st over - 6 runs, 7 hits, 0 errors, 0 left on base; Boston 6 - Kansas City 0 |
BOTTOM OF THE 1ST |
Kansas City Royals batting - Pitching for Boston Red Sox : LHP Mike Nimmo
|
Pitching: LHP Mike Nimmo
|
|
Batting: RHB Imbart Faber
|
0-0: Called Strike 0-1: Called Strike 0-2: Ball 1-2: SINGLE (Groundball, 34D, EV 103.8 MPH)
|
Batting: LHB Roman Downey
|
0-0: Ball 1-0: Called Strike 1-1: Fly out, F7 (Flyball, 78M, EV 75.6 MPH)
|
Batting: LHB Mike Meyerhoff
|
0-0: Called Strike 0-1: Ball 1-1: Foul Ball, location: 2F 1-2: Foul Ball, location: 2F 1-2: Ball 2-2: Foul Ball, location: 2F 2-2: Foul Ball, location: 2F 2-2: SINGLE (Groundball, 4D, EV 98.1 MPH) Imbart Faber to second Runner from 2nd tries for 3rd, SAFE after rundown.
|
Batting: RHB Mike Jaquez
|
0-0: Ball 1-0: Swinging Strike 1-1: Foul Ball, location: 2F 1-2: Grounds into double play, U4-3 (Groundball, 6M, EV 101.9 MPH)
|
Bottom of the 1st over - 0 runs, 2 hits, 0 errors, 1 left on base; Boston 6 - Kansas City 0 |
TOP OF THE 2ND |
Boston Red Sox batting - Pitching for Kansas City Royals : LHP Yorinobu Noguchi
|
Batting: RHB Alois Wollf
|
0-0: Called Strike 0-1: Foul Ball, location: 2F 0-2: Ground out 6-3 (Groundball, 6, EV 80.6 MPH)
|
Batting: RHB Cesar Breceda
|
0-0: Ball 1-0: Ball 2-0: Called Strike 2-1: Foul Ball, location: 2F 2-2: Foul Ball, location: 2F 2-2: Ball 3-2: SINGLE (Groundball, 4S, EV 67.5 MPH) (infield hit)
|
Batting: RHB David Price Jr.
|
0-0: Ball 1-0: Ball 2-0: 2-RUN HOME RUN (Flyball, 7D, EV 113.1 MPH), Distance : 446 ft
|
Batting: LHB Kevin McCormic Jr.
|
0-0: Ground out 4-3 (Groundball, 4, EV 84.4 MPH)
|
Batting: LHB Jarrett Mordecai
|
0-0: Ball 1-0: Ground out 6-3 (Groundball, 4, EV 76.9 MPH)
|
Top of the 2nd over - 2 runs, 2 hits, 0 errors, 0 left on base; Boston 8 - Kansas City 0 |
BOTTOM OF THE 2ND |
Kansas City Royals batting - Pitching for Boston Red Sox : LHP Mike Nimmo
|
Batting: SHB Gil Switzer
|
0-0: Foul Ball, location: 2F 0-1: Swinging Strike 0-2: Foul Ball, location: 2F 0-2: Foul Ball, location: 2F 0-2: Foul Ball, location: 2F 0-2: Foul Ball, location: 2F 0-2: Ball 1-2: Ball 2-2: Strikes out looking
|
Batting: RHB Adam Martin
|
0-0: Ball 1-0: Foul Ball, location: 2F 1-1: Foul Ball, location: 2F 1-2: Foul Ball, location: 2F 1-2: Ground out 4-3 (Groundball, 4, EV 111.9 MPH)
|
Batting: RHB Bob Najar
|
0-0: Ball 1-0: Ball 2-0: Called Strike 2-1: Called Strike 2-2: Ball 3-2: SINGLE (Flyball, 4D, EV 92.5 MPH)
|
Batting: SHB Jose Pacheco
|
0-0: Swinging Strike 0-1: Foul Ball, location: 2F 0-2: SINGLE (Groundball, 34S, EV 70.6 MPH) (infield hit) Bob Najar to second
|
Batting: RHB Mikolas Markus
|
0-0: Called Strike 0-1: DOUBLE (Line Drive, 78D, EV 103.8 MPH) Bob Najar scores Jose Pacheco to third
|
Batting: RHB Imbart Faber
|
0-0: Called Strike 0-1: Called Strike 0-2: Foul Ball, location: 2F 0-2: Ball 1-2: Foul Ball, location: 2F 1-2: Fly out, F9 (Flyball, 9, EV 84.4 MPH)
|
Bottom of the 2nd over - 1 run, 3 hits, 0 errors, 2 left on base; Boston 8 - Kansas City 1 |
TOP OF THE 3RD |
Boston Red Sox batting - Pitching for Kansas City Royals : LHP Yorinobu Noguchi
|
Pitching: LHP Chris Eaker
|
|
Batting: SHB Marvin Lawrence
|
0-0: Called Strike 0-1: Foul Ball, location: 2F 0-2: Ball 1-2: Foul Ball, location: 2F 1-2: Strikes out swinging, 2-3 out at first.
|
Batting: RHB Nick Esteves
|
0-0: Swinging Strike 0-1: Ball 1-1: Ball 2-1: DOUBLE (Line Drive, 5D, EV 106.9 MPH)
|
Batting: LHB Brian Gray
|
0-0: Called Strike 0-1: Called Strike 0-2: Ball 1-2: Foul Ball, location: 2F 1-2: Ball 2-2: Ball 3-2: Foul Ball, location: 2F 3-2: Base on Balls
|
Batting: LHB Tim Fuller
|
0-0: Ball 1-0: Foul Ball, location: 2F 1-1: Foul Ball, location: 2F 1-2: Fly out, F7 (Flyball, 78M, EV 93.1 MPH)
|
Pinch Hitting: RHB Brandon Perris
|
0-0: Ball 1-0: Fly out, F8 (Flyball, 8RM, EV 88.1 MPH)
|
Top of the 3rd over - 0 runs, 1 hit, 0 errors, 2 left on base; Boston 8 - Kansas City 1 |
BOTTOM OF THE 3RD |
Kansas City Royals batting - Pitching for Boston Red Sox : LHP Mike Nimmo
|
Now at SS: Brandon Perris
|
|
Batting: LHB Roman Downey
|
0-0: Ball 1-0: Swinging Strike 1-1: Ground out 4-3 (Groundball, 4, EV 85.0 MPH)
|
Batting: LHB Mike Meyerhoff
|
0-0: Ball 1-0: Ball 2-0: Swinging Strike 2-1: Ball 3-1: Base on Balls
|
Batting: RHB Mike Jaquez
|
0-0: Foul Ball, location: 2F 0-1: Foul Ball, location: 2F 0-2: TRIPLE (Flyball, 78XD, EV 100.0 MPH) Mike Meyerhoff scores
|
Batting: SHB Gil Switzer
|
0-0: Ball 1-0: Fly out, F8 (Flyball, 8LXD, EV 84.4 MPH) Runner from 3rd tags up, SCORES, no throw by CF
|
Batting: RHB Adam Martin
|
0-0: Ball 1-0: Ball 2-0: Foul Ball, location: 2F 2-1: Swinging Strike 2-2: Ball 3-2: Strikes out swinging
|
Bottom of the 3rd over - 2 runs, 1 hit, 0 errors, 0 left on base; Boston 8 - Kansas City 3 |
TOP OF THE 4TH |
Boston Red Sox batting - Pitching for Kansas City Royals : LHP Chris Eaker
|
Batting: RHB Cesar Breceda
|
0-0: Foul Ball, location: 2F 0-1: Ball 1-1: Ball 2-1: Foul Ball, location: 2F 2-2: Strikes out looking
|
Batting: RHB David Price Jr.
|
0-0: Ball 1-0: Swinging Strike 1-1: Called Strike 1-2: Ball 2-2: SINGLE (Groundball, 34D, EV 100.6 MPH)
|
Batting: LHB Kevin McCormic Jr.
|
0-0: Ball 1-0: Ball 2-0: Called Strike 2-1: Ball 3-1: Called Strike 3-2: Base on Balls David Price Jr. to second
|
Batting: LHB Jarrett Mordecai
|
0-0: Ball 1-0: Called Strike 1-1: Foul Ball, location: 2F 1-2: Foul Ball, location: 2F 1-2: Grounds into double play, 4-6-3 (Groundball, 34, EV 96.9 MPH)
|
Top of the 4th over - 0 runs, 1 hit, 0 errors, 1 left on base; Boston 8 - Kansas City 3 |
BOTTOM OF THE 4TH |
Kansas City Royals batting - Pitching for Boston Red Sox : LHP Mike Nimmo
|
Pitching: RHP Elijah Daniels
|
|
Batting: RHB Bob Najar
|
0-0: Ball 1-0: Foul Ball, location: 2F 1-1: Foul Ball, location: 2F 1-2: Ball 2-2: Fly out, F8 (Line Drive, 8LD, EV 90.6 MPH)
|
Batting: SHB Jose Pacheco
|
0-0: Ball 1-0: Swinging Strike 1-1: Swinging Strike 1-2: Ground out 6-3 (Groundball, 56, EV 90.0 MPH)
|
Batting: RHB Mikolas Markus
|
0-0: Ball 1-0: Called Strike 1-1: Fly out, F8 (Flyball, 89D, EV 103.8 MPH)
|
Bottom of the 4th over - 0 runs, 0 hits, 0 errors, 0 left on base; Boston 8 - Kansas City 3 |
TOP OF THE 5TH |
Boston Red Sox batting - Pitching for Kansas City Royals : LHP Chris Eaker
|
Pitching: RHP Brandon Ferrari
|
|
Now at C: Sam Britt
|
|
Now at 2B: Jose Pacheco
|
|
Now at SS: Yuichi Takata
|
|
Batting: SHB Ben Ervin
|
0-0: Ball 1-0: Ground out 4-3 (Groundball, 4, EV 84.4 MPH)
|
Batting: RHB Nick Esteves
|
0-0: Ball 1-0: Called Strike 1-1: Ground out 5-3 (Groundball, 5S, EV 66.9 MPH)
|
Pinch Hitting: LHB Shoichi Aso
|
0-0: Ball 1-0: Called Strike 1-1: Ball 2-1: Swinging Strike 2-2: Ball 3-2: Foul Ball, location: 2F 3-2: Foul Ball, location: 2F 3-2: Foul Ball, location: 2F 3-2: Foul Ball, location: 2F 3-2: Foul Ball, location: 2F 3-2: Base on Balls
|
Pinch Hitting: SHB Willie Koviak
|
0-0: Called Strike 0-1: Swinging Strike 0-2: SINGLE (Flyball, 8LS, EV 95.6 MPH) Shoichi Aso to second Runner from 2nd tries for 3rd, SAFE, no throw by CF
|
Batting: RHB Brandon Perris
|
0-0: Called Strike 0-1: Ball 1-1: Swinging Strike 1-2: Fielders Choice at 2nd, 5-4 (Groundball, 56, EV 81.9 MPH)
|
Top of the 5th over - 0 runs, 1 hit, 0 errors, 2 left on base; Boston 8 - Kansas City 3 |
BOTTOM OF THE 5TH |
Kansas City Royals batting - Pitching for Boston Red Sox : RHP Elijah Daniels
|
Now at 2B: Willie Koviak
|
|
Now at 3B: John Bailey
|
|
Now in RF: Shoichi Aso
|
|
Batting: LHB Sam Britt
|
0-0: Foul Ball, location: 2F 0-1: Ground out 4-3 (Groundball, 4, EV 84.4 MPH)
|
Pinch Hitting: LHB Bill Baconneck
|
0-0: Ball 1-0: Ball 2-0: Ball 3-0: Called Strike 3-1: Base on Balls
|
Batting: RHB Yuichi Takata
|
0-0: Called Strike 0-1: Foul Ball, location: 2F 0-2: Foul Ball, location: 2F 0-2: Ball 1-2: Ball 2-2: Strikes out swinging
|
Batting: LHB Zion Davidson
|
0-0: Ball 1-0: Ball 2-0: Foul Ball, location: 2F 2-1: Foul Ball, location: 2F 2-2: Strikes out swinging
|
Bottom of the 5th over - 0 runs, 0 hits, 0 errors, 1 left on base; Boston 8 - Kansas City 3 |
TOP OF THE 6TH |
Boston Red Sox batting - Pitching for Kansas City Royals : RHP Brandon Ferrari
|
Pitching: RHP Joe Noonan
|
|
Now in RF: Bill Baconneck
|
|
Batting: RHB Cesar Breceda
|
0-0: Called Strike 0-1: Fly out, F8 (Flyball, 8RM, EV 91.2 MPH)
|
Batting: LHB John Bailey
|
0-0: Called Strike 0-1: Ball 1-1: Ball 2-1: Foul Ball, location: 2F 2-2: Ground out U3 (Groundball, 3S, EV 82.5 MPH)
|
Batting: LHB Kevin McCormic Jr.
|
0-0: Called Strike 0-1: Ground out 4-3 (Groundball, 4D, EV 110.6 MPH)
|
Top of the 6th over - 0 runs, 0 hits, 0 errors, 0 left on base; Boston 8 - Kansas City 3 |
BOTTOM OF THE 6TH |
Kansas City Royals batting - Pitching for Boston Red Sox : RHP Elijah Daniels
|
Pitching: LHP John Hotham
|
|
Batting: SHB Gil Switzer
|
0-0: Called Strike 0-1: Foul Ball, location: 2F 0-2: Ball 1-2: Foul Ball, location: 2F 1-2: Foul Ball, location: 2F 1-2: Ball 2-2: Ball 3-2: Ground out 5-3 (Groundball, 25, EV 92.5 MPH)
|
Pinch Hitting: LHB Manny Estrada
|
0-0: Foul Ball, location: 2F 0-1: Foul Ball, location: 2F 0-2: Ball 1-2: Foul Ball, location: 2F 1-2: Ball 2-2: Foul Ball, location: 2F 2-2: Foul Ball, location: 2F 2-2: Ball 3-2: Foul Ball, location: 2F 3-2: Reached on error, E8 (Flyball, 8RM, EV 90.6 MPH)
|
Batting: RHB Bob Najar
|
0-0: Ball 1-0: Swinging Strike 1-1: Foul Ball, location: 2F 1-2: Foul Ball, location: 2F 1-2: 2-RUN HOME RUN (Flyball, 7D, EV 111.2 MPH), Distance : 422 ft
|
Batting: SHB Jose Pacheco
|
0-0: SINGLE (Line Drive, 8LS, EV 98.1 MPH)
|
Batting: RHB Mikolas Markus
|
0-0: Fly out, F3 (Popup, 3S, EV 82.5 MPH)
|
Batting: LHB Sam Britt
|
0-0: Ball 1-0: Swinging Strike 1-1: Fly out, F8 (Flyball, 8RD, EV 97.5 MPH)
|
Bottom of the 6th over - 2 runs, 2 hits, 1 error, 1 left on base; Boston 8 - Kansas City 5 |
TOP OF THE 7TH |
Boston Red Sox batting - Pitching for Kansas City Royals : RHP Joe Noonan
|
Pitching: RHP Tom Jensen
|
|
Now at 1B: Manny Estrada
|
|
Pinch Hitting: SHB Robbie Rogers
|
0-0: Called Strike 0-1: Ground out 6-3 (Groundball, 6, EV 98.1 MPH)
|
Batting: SHB Ben Ervin
|
0-0: Ground out U3 (Groundball, 34, EV 100.6 MPH)
|
Pinch Hitting: RHB Scott Treider
|
0-0: Foul Ball, location: 2F 0-1: Ground out 5-3 (Groundball, 56S, EV 82.5 MPH)
|
Top of the 7th over - 0 runs, 0 hits, 0 errors, 0 left on base; Boston 8 - Kansas City 5 |
BOTTOM OF THE 7TH |
Kansas City Royals batting - Pitching for Boston Red Sox : LHP John Hotham
|
Now at 1B: Robbie Rogers
|
|
Now in CF: Shoichi Aso
|
|
Now in RF: Scott Treider
|
|
Batting: LHB Bill Baconneck
|
0-0: Called Strike 0-1: Fly out, F7 (Flyball, 7S, EV 78.1 MPH)
|
Batting: RHB Yuichi Takata
|
0-0: Ball 1-0: SINGLE (Groundball, 6S, EV 69.4 MPH) (infield hit)
|
Batting: LHB Zion Davidson
|
0-0: Called Strike 0-1: Ball 1-1: Ball 2-1: Fly out, F7 (Flyball, 78M, EV 90.6 MPH)
|
Pitching: RHP Guadalupe Vasguez
|
|
Batting: SHB Gil Switzer
|
0-0: Ball Wild Pitch! Yuichi Takata to second 1-0: SINGLE (Groundball, 25, EV 67.5 MPH) (infield hit) Yuichi Takata to third
|
Batting: LHB Manny Estrada
|
0-0: Ball 1-0: Called Strike 1-1: Called Strike 1-2: Ball 2-2: Strikes out swinging
|
Bottom of the 7th over - 0 runs, 2 hits, 0 errors, 2 left on base; Boston 8 - Kansas City 5 |
TOP OF THE 8TH |
Boston Red Sox batting - Pitching for Kansas City Royals : RHP Tom Jensen
|
Pitching: LHP Gregg Meyers
|
|
Batting: LHB Shoichi Aso
|
0-0: Ball 1-0: Ball 2-0: Foul Ball, location: 2F 2-1: Ball 3-1: Foul Ball, location: 2F 3-2: Foul Ball, location: 2F 3-2: Base on Balls
|
Batting: SHB Willie Koviak
|
0-0: Ball 1-0: Called Strike 1-1: Ball 2-1: Foul Ball, location: 2F 2-2: Ball 3-2: Strikes out swinging Shoichi Aso is caught stealing 2nd base 2-4 Batter strikes out.
|
Batting: RHB Brandon Perris
|
0-0: Swinging Strike 0-1: Ball 1-1: Ground out 6-3 (Groundball, 6, EV 85.6 MPH)
|
Top of the 8th over - 0 runs, 0 hits, 0 errors, 0 left on base; Boston 8 - Kansas City 5 |
BOTTOM OF THE 8TH |
Kansas City Royals batting - Pitching for Boston Red Sox : RHP Guadalupe Vasguez
|
Pitching: RHP Frank Picaso
|
|
Batting: RHB Bob Najar
|
0-0: Ball 1-0: Ball 2-0: Ball 3-0: Fly out, F4 (Popup, 4, EV 58.1 MPH)
|
Batting: SHB Jose Pacheco
|
0-0: Ball 1-0: Ball 2-0: Called Strike 2-1: Ball 3-1: Base on Balls
|
Batting: RHB Mikolas Markus
|
0-0: Ball 1-0: Swinging Strike 1-1: Called Strike 1-2: Foul Ball, location: 2F 1-2: Ball 2-2: Strikes out swinging
|
Batting: LHB Sam Britt
|
0-0: Ball Pickoff Throw by Catcher to First - Out!
|
Bottom of the 8th over - 0 runs, 0 hits, 0 errors, 0 left on base; Boston 8 - Kansas City 5 |
TOP OF THE 9TH |
Boston Red Sox batting - Pitching for Kansas City Royals : LHP Gregg Meyers
|
Pitching: RHP Bryan Boykin
|
|
Pinch Hitting: RHB Dan Friess
|
0-0: Fly out, F8 (Flyball, 8RS, EV 88.8 MPH)
|
Batting: LHB John Bailey
|
0-0: Ball 1-0: Ball 2-0: Foul Ball, location: 2F 2-1: Ball 3-1: Foul Ball, location: 2F 3-2: Strikes out swinging, 2-3 out at first.
|
Batting: LHB Kevin McCormic Jr.
|
0-0: Ball 1-0: Called Strike 1-1: Swinging Strike 1-2: Ball 2-2: SOLO HOME RUN (Flyball, 7D, EV 100.0 MPH), Distance : 413 ft
|
Batting: SHB Robbie Rogers
|
0-0: Ball 1-0: Foul Ball, location: 2F 1-1: Ball 2-1: Swinging Strike 2-2: Strikes out swinging
|
Top of the 9th over - 1 run, 1 hit, 0 errors, 0 left on base; Boston 9 - Kansas City 5 |
BOTTOM OF THE 9TH |
Kansas City Royals batting - Pitching for Boston Red Sox : RHP Frank Picaso
|
Pitching: RHP Fred Huber
|
|
Now at C: Dan Friess
|
|
Batting: LHB Sam Britt
|
0-0: Called Strike 0-1: Ball 1-1: Ball 2-1: Ball 3-1: Base on Balls
|
Batting: LHB Bill Baconneck
|
0-0: Ball 1-0: Ball 2-0: Called Strike 2-1: Swinging Strike 2-2: Foul Ball, location: 2F 2-2: Strikes out swinging
|
Batting: RHB Yuichi Takata
|
0-0: Ball 1-0: Fielders Choice at 2nd, 4-6 (Groundball, 34D, EV 84.4 MPH)
|
Batting: LHB Zion Davidson
|
0-0: Foul Ball, location: 2F 0-1: Ball 1-1: SINGLE (Groundball, 13, EV 89.4 MPH) (infield hit) Yuichi Takata to second
|
Batting: SHB Gil Switzer
|
0-0: Called Strike 0-1: Ball 1-1: Ball 2-1: DOUBLE (Line Drive, 89D, EV 109.4 MPH) Yuichi Takata scores Zion Davidson to third
|
Batting: LHB Manny Estrada
|
0-0: Called Strike 0-1: 3-RUN HOME RUN (Flyball, 9LD, EV 93.8 MPH), Distance : 363 ft
|
Pitching: RHP Jaime Dunning
|
|
Batting: RHB Bob Najar
|
0-0: Ball 1-0: Ball 2-0: Foul Ball, location: 2F 2-1: SOLO HOME RUN (Flyball, 9LD, EV 93.8 MPH), Distance : 343 ft
|
Bottom of the 9th over - 5 runs, 4 hits, 0 errors, 0 left on base; Boston 9 - Kansas City 10 |
|